Hurricanes vs Bruins

Created - November-08-14 at 10:25

Goals
1 2 3 T
Hurricanes 1 0 0 1
Bruins 0 4 1 5
Shots
1 2 3 T
Hurricanes 9 2 7 18
Bruins 14 15 7 36

1st period

1. Hurricanes , Patrick Sharp 12 (Blake Wheeler, Eric Staal) at 17:04

Penalties :
Kevin Czuczman (CAR) for Tripping (Minor) at 13:42, Ben Lovejoy (CAR) for Hooking (Minor) at 19:14

2nd period

2. Bruins , Carl Soderberg 6 (Ryan Spooner, Andrew Ladd) at 1:13 (PP)
3. Bruins , John Carlson 8 (Zach Parise, David Krejci) at 8:41 (PP)
4. Bruins , Reilly Smith 1 (John Carlson, Andrew Ladd) at 10:07
5. Bruins , Jakub Voracek 5 (Zach Parise, David Krejci) at 18:24 (PP)

Penalties :
Dustin Byfuglien (CAR) for Hooking (Minor) at 7:28, Zach Parise (BOS) for Tripping (Minor) at 12:25, Cal Clutterbuck (CAR) for Hooking (Minor) at 12:25, Dustin Byfuglien (CAR) for Hooking (Minor) at 16:54

3rd period

6. Bruins , Brad Marchand 3 (Ryan Strome, Jay Bouwmeester) at 3:36

Penalties :
Andrew Ladd (BOS) for Roughing (Minor) at 8:10, Patrick Maroon (CAR) for Roughing (Minor) at 13:45, David Krejci (BOS) for Hooking (Minor) at 19:15

Goalie Stats

Mike Smith (CAR), 31 saves from 36 shots - (0.861), L, 8-4-1, 60:00 minutes
Tuukka Rask (BOS), 17 saves from 18 shots - (0.944), W, 5-3-1, 60:00 minutes

Players Stats for Hurricanes

Player Name              G  A  P  +/- PIM S  H  SB GA TA FO     MP     PP MP  PK MP  
------------------------------------------------------------------------------------
Ben Lovejoy              0  0  0   0  2   0  3  1  0  0  0/0    20:02   0:00   3:35 
Blake Wheeler            0  1  1   0  0   3  3  0  0  0  0/0    18:36   1:17   0:00 
Brad Richardson          0  0  0   0  0   0  0  0  0  0  6/16   12:59   1:26   0:00 
Brandon McMillan         0  0  0   0  0   0  0  0  0  0  0/0     4:21   0:12   0:00 
Brian Boyle              0  0  0   0  0   1  0  0  0  0  8/14   10:29   1:14   5:06 
Brian Dumoulin           0  0  0  -1  0   0  0  0  0  0  0/0    18:12   0:35   2:05 
Cal Clutterbuck          0  0  0   0  2   0  1  1  0  0  1/1    14:18   0:00   3:34 
Derek Roy                0  0  0  -1  0   1  0  0  0  0  7/18   20:11   0:00   4:58 
Dustin Byfuglien         0  0  0  -1  4   1  1  4  0  0  0/0    25:47   1:09   2:53 
Eric Staal               0  1  1   0  0   1  0  0  0  0  16/33  23:29   1:17   3:42 
Kevin Czuczman           0  0  0   0  2   1  0  0  0  0  0/0    16:31   1:44   4:49 
Marc Staal               0  0  0   0  0   0  1  6  0  0  0/0    20:48   0:59   2:58 
Patrick Maroon           0  0  0   0  2   1  3  0  0  0  0/1    11:02   0:18   0:00 
Patrick Sharp            1  0  1   0  0   6  1  0  0  0  2/3    23:38   0:59   0:00 
Raphael Diaz             0  0  0   0  0   0  0  1  0  0  0/0    18:36   0:59   1:00 
Ryan Garbutt             0  0  0  -1  0   2  2  0  0  0  1/1    14:25   0:00   0:00 
Ryan Wilson              0  0  0   0  0   0  0  0  0  0  0/0     0:00   0:00   0:00 
Valeri Nichushkin        0  0  0  -1  0   1  0  1  0  0  0/1    15:51   1:26   0:00 

Players Stats for Bruins

Player Name              G  A  P  +/- PIM S  H  SB GA TA FO     MP     PP MP  PK MP  
------------------------------------------------------------------------------------
Andrew Ladd              0  2  2   0  2   3  4  0  0  0  1/1    17:56   4:39   0:00 
Brad Marchand            1  0  1   1  0   1  2  1  0  0  0/0    10:06   0:00   0:00 
Brock Nelson             0  0  0   0  0   0  1  0  0  0  0/0     6:54   0:00   0:50 
Carl Hagelin             0  0  0   0  0   0  0  0  0  0  1/1     6:34   0:00   1:53 
Carl Soderberg           1  0  1   1  0   3  1  0  0  0  7/14   15:26   4:57   0:30 
David Krejci             0  2  2   0  2   5  3  0  0  0  16/28  22:23   3:43   0:00 
Jakub Voracek            1  0  1   0  0   4  0  0  0  0  1/1    23:08   3:43   0:00 
Jay Bouwmeester          0  1  1   1  0   2  0  0  0  0  0/0    17:32   3:59   1:31 
John Carlson             1  1  2   1  0   4  1  1  0  0  0/0    21:04   4:41   1:31 
Johnny Boychuk           0  0  0   0  0   2  0  1  0  0  0/0    23:55   3:59   1:12 
Matt Bartkowski          0  0  0   1  0   0  1  0  0  0  0/0    13:07   0:18   1:12 
Niklas Kronwall          0  0  0  -1  0   2  0  0  0  0  0/0    22:04   0:21   0:00 
Patrice Bergeron         0  0  0   0  0   1  0  1  0  0  12/23  17:13   0:00   2:13 
Reilly Smith             1  0  1   0  0   2  1  0  0  0  2/2    14:09   0:18   0:00 
Ryan Spooner             0  1  1   0  0   1  0  0  0  0  5/13    9:20   4:39   0:00 
Ryan Strome              0  1  1   1  0   2  0  0  0  0  0/1     9:43   0:18   0:00 
Torey Krug               0  0  0   0  0   0  0  1  0  0  0/0    22:18   4:02   0:00 
Zach Parise              0  2  2   0  2   4  1  0  0  0  2/4    22:23   3:43   0:00 

3 Stars

1 - John Carlson (BOS)
2 - Brad Marchand (BOS)
3 - Carl Soderberg (BOS)

Power Play

Hurricanes - 0 on 2 Attempt(s) - 0.00%
Bruins - 3 on 5 Attempt(s) - 60.00%

Penalty Kill

Hurricanes - 2 on 5 Attempt(s) - 40.00% - Score 0 goal in Penalty Kill
Bruins - 2 on 2 Attempt(s) - 100.00% - Score 0 goal in Penalty Kill

Official

Referees : Steve Kozari and Francois StLaurent
Linesman : Pierre Champoux and Pierre Racicot

Game Notes

No Game Note

Finance

Level 1 -- Attendance: 4621 (71.09%) -- Ticket Income $508,310
Level 2 -- Attendance: 5000 (100.00%) -- Ticket Income $375,000
Level 3 -- Attendance: 2993 (85.51%) -- Ticket Income $167,608
Level 4 -- Attendance: 1565 (100.00%) -- Ticket Income $62,600
Luxury Box -- Attendance: 897 (89.70%) -- Ticket Income $178,503
Game was played at the TD Garden
Total Attendance: 15076 (85.83%)
Total Ticket Income: $1,292,021
Other Income: $193,803
Total Income: $1,485,824

% Time on Ice - Hurricanes

Lines # - Real PCT - Wanted PCT - Time Play
Normal Forward
1 - 37% - 40% - 17:19
2 - 31% - 33% - 14:25
3 - 23% - 17% - 10:45
4 - 9% - 10% - 4:09
Normal Defense
1 - 34% - 35% - 15:40
2 - 33% - 35% - 15:20
3 - 21% - 20% - 9:59
4 - 12% - 10% - 5:39
PP Forward
1 - 47% - 57% - 1:17
2 - 53% - 43% - 1:26
PP Defense
1 - 36% - 50% - 0:59
2 - 64% - 50% - 1:44
PK Forward
1 - 59% - 50% - 5:06
2 - 41% - 50% - 3:34
PK Defense
1 - 58% - 50% - 5:02
2 - 42% - 50% - 3:38
PK3 Forward
1 - 0% - 60%
2 - 0% - 40%
PK3 Defense
1 - 0% - 60%
2 - 0% - 40%
44 Forward
1 - 60% - 50% - 1:11
2 - 40% - 50% - 0:48
44 Defense
1 - 60% - 50% - 1:11
2 - 40% - 50% - 0:48
Last Minute Offensive  - 0:00
Last Minute Defensive  - 0:00
Total
Forward - 60:00
Defense - 60:00

% Time on Ice - Bruins

Lines # - Real PCT - Wanted PCT - Time Play
Normal Forward
1 - 40% - 40% - 18:41
2 - 30% - 30% - 13:51
3 - 20% - 20% - 9:25
4 - 10% - 10% - 4:41
Normal Defense
1 - 39% - 40% - 18:10
2 - 30% - 30% - 14:02
3 - 23% - 20% - 10:53
4 - 8% - 10% - 3:33
PP Forward
1 - 46% - 60% - 4:01
2 - 54% - 40% - 4:39
PP Defense
1 - 54% - 60% - 4:41
2 - 46% - 40% - 3:59
PK Forward
1 - 82% - 60% - 2:13
2 - 18% - 40% - 0:30
PK Defense
1 - 56% - 60% - 1:31
2 - 44% - 40% - 1:12
PK3 Forward
1 - 0% - 60%
2 - 0% - 40%
PK3 Defense
1 - 0% - 60%
2 - 0% - 40%
44 Forward
1 - 100% - 60% - 1:59
2 - 0% - 40% - 0:00
44 Defense
1 - 58% - 60% - 1:09
2 - 42% - 40% - 0:50
Last Minute Offensive  - 0:00
Last Minute Defensive  - 0:00
Total
Forward - 60:00
Defense - 60:00

Play by Play

1st period


0:01 of 1st period - Eric Staal wins face-off versus David Krejci in neutral zone.
0:06 of 1st period - Shot by Marc Staal.
0:06 of 1st period - Shot Misses the Net.
0:36 of 1st period - Off-side.
0:37 of 1st period - Derek Roy wins face-off versus Patrice Bergeron in neutral zone.
1:50 of 1st period - Shot by Jay Bouwmeester.
1:50 of 1st period - Shot Misses the Net.
1:52 of 1st period - Shot by Jay Bouwmeester.
1:52 of 1st period - Stopped by Mike Smith without a rebound.
1:53 of 1st period - Brian Boyle wins face-off versus Ryan Spooner in Hurricanes zone.
1:53 of 1st period - Brian Boyle is hit by Brock Nelson.
1:56 of 1st period - Icing by Patrick Sharp.
1:57 of 1st period - David Krejci wins face-off versus Brian Boyle in Hurricanes zone.
2:06 of 1st period - Shot by David Krejci.
2:06 of 1st period - Stopped by Mike Smith without a rebound.
2:07 of 1st period - Eric Staal wins face-off versus Ryan Strome in Hurricanes zone.
2:12 of 1st period - Brad Marchand is hit by Patrick Sharp and loses puck.
2:21 of 1st period - Patrick Sharp is hit by Carl Soderberg and loses puck.
2:26 of 1st period - Shot by Torey Krug.
2:26 of 1st period - Shot Misses the Net.
2:32 of 1st period - Shot by Brad Marchand.
2:32 of 1st period - Shot Misses the Net.
2:34 of 1st period - Shot by Niklas Kronwall.
2:34 of 1st period - Shot Misses the Net.
2:36 of 1st period - Shot by Niklas Kronwall.
2:36 of 1st period - Shot Misses the Net.
2:42 of 1st period - Shot by Carl Soderberg.
2:42 of 1st period - Stopped by Mike Smith without a rebound.
2:43 of 1st period - David Krejci wins face-off versus Patrick Maroon in Hurricanes zone.
2:54 of 1st period - Shot by Zach Parise.
2:54 of 1st period - Shot Blocked by Cal Clutterbuck.
2:56 of 1st period - Shot by Zach Parise.
2:56 of 1st period - Shot Blocked by Marc Staal.
3:16 of 1st period - Shot by Zach Parise.
3:16 of 1st period - Shot Blocked by Marc Staal.
3:49 of 1st period - Brock Nelson is hit by Ben Lovejoy and loses puck.
3:52 of 1st period - Shot by Brock Nelson.
3:52 of 1st period - Shot Misses the Net.
3:54 of 1st period - Shot by Brock Nelson.
3:54 of 1st period - Shot Misses the Net.
3:56 of 1st period - Shot by Johnny Boychuk.
3:56 of 1st period - Stopped by Mike Smith without a rebound.
3:57 of 1st period - Patrice Bergeron wins face-off versus Derek Roy in Hurricanes zone.
4:04 of 1st period - Shot by Patrice Bergeron.
4:04 of 1st period - Deflect By Andrew Ladd.
4:04 of 1st period - Stopped by Mike Smith without a rebound.
4:05 of 1st period - Eric Staal wins face-off versus Patrice Bergeron in Hurricanes zone.
4:09 of 1st period - Off-side.
4:10 of 1st period - Patrice Bergeron wins face-off versus Derek Roy in neutral zone.
4:38 of 1st period - Icing by Raphael Diaz.
4:39 of 1st period - David Krejci wins face-off versus Derek Roy in Hurricanes zone.
4:46 of 1st period - Shot by Zach Parise.
4:46 of 1st period - Stopped by Mike Smith with a rebound.
4:54 of 1st period - Shot by David Krejci.
4:54 of 1st period - Shot Misses the Net.
5:10 of 1st period - Shot by David Krejci.
5:10 of 1st period - Shot Misses the Net.
5:18 of 1st period - Shot by Jakub Voracek.
5:18 of 1st period - Stopped by Mike Smith without a rebound.
5:19 of 1st period - Eric Staal wins face-off versus Carl Soderberg in Hurricanes zone.
5:23 of 1st period - Icing by Brian Dumoulin.
5:24 of 1st period - Eric Staal wins face-off versus Carl Soderberg in Hurricanes zone.
5:43 of 1st period - Shot by Patrick Sharp.
5:43 of 1st period - Stopped by Tuukka Rask with a rebound.
6:03 of 1st period - Shot by Blake Wheeler.
6:03 of 1st period - Stopped by Tuukka Rask without a rebound.
6:04 of 1st period - Ryan Spooner wins face-off versus Brad Richardson in Bruins zone.
6:30 of 1st period - Icing by Ben Lovejoy.
6:31 of 1st period - Brad Richardson wins face-off versus David Krejci in Hurricanes zone.
6:53 of 1st period - Zach Parise is hit by Ben Lovejoy and loses puck.
7:07 of 1st period - Icing by Jay Bouwmeester.
7:08 of 1st period - David Krejci wins face-off versus Eric Staal in Bruins zone.
7:22 of 1st period - Icing by Eric Staal.
7:23 of 1st period - Reilly Smith wins face-off versus Patrick Sharp in Hurricanes zone.
7:46 of 1st period - Shot by Eric Staal.
7:46 of 1st period - Stopped by Tuukka Rask without a rebound.
7:47 of 1st period - Derek Roy wins face-off versus Carl Soderberg in Bruins zone.
7:56 of 1st period - Shot by Ryan Garbutt.
7:56 of 1st period - Shot Hit the Post.
7:58 of 1st period - Shot by Raphael Diaz.
7:58 of 1st period - Shot Misses the Net.
8:04 of 1st period - Shot by Ryan Garbutt.
8:04 of 1st period - Shot Misses the Net.
8:06 of 1st period - Shot by Derek Roy.
8:06 of 1st period - Stopped by Tuukka Rask without a rebound.
8:07 of 1st period - Brian Boyle wins face-off versus Patrice Bergeron in Bruins zone.
8:10 of 1st period - Shot by Brandon McMillan.
8:10 of 1st period - Deflect By Patrick Sharp.
8:10 of 1st period - Stopped by Tuukka Rask without a rebound.
8:11 of 1st period - Eric Staal wins face-off versus Patrice Bergeron in Bruins zone.
8:53 of 1st period - Icing by Brian Dumoulin.
8:54 of 1st period - David Krejci wins face-off versus Eric Staal in Hurricanes zone.
9:10 of 1st period - Eric Staal is hit by Zach Parise and loses puck.
9:20 of 1st period - Eric Staal is hit by David Krejci and loses puck.
9:39 of 1st period - Niklas Kronwall is hit by Ryan Garbutt.
9:47 of 1st period - Marc Staal is hit by David Krejci and loses puck.
10:03 of 1st period - Shot by Ryan Garbutt.
10:03 of 1st period - Stopped by Tuukka Rask without a rebound.
10:04 of 1st period - Brad Richardson wins face-off versus Patrice Bergeron in Bruins zone.
10:07 of 1st period - Shot by Patrick Maroon.
10:07 of 1st period - Stopped by Tuukka Rask without a rebound.
10:08 of 1st period - Brad Richardson wins face-off versus Patrice Bergeron in Bruins zone.
10:19 of 1st period - Raphael Diaz is hit by Reilly Smith and loses puck.
10:30 of 1st period - Shot by Patrice Bergeron.
10:30 of 1st period - Shot Misses the Net.
11:05 of 1st period - Shot by Carl Soderberg.
11:05 of 1st period - Shot Misses the Net.
11:07 of 1st period - Shot by Jay Bouwmeester.
11:07 of 1st period - Stopped by Mike Smith without a rebound.
11:08 of 1st period - David Krejci wins face-off versus Brian Boyle in Hurricanes zone.
11:49 of 1st period - Shot by David Krejci.
11:49 of 1st period - Shot Blocked by Marc Staal.
12:46 of 1st period - Shot by Brad Marchand.
12:46 of 1st period - Shot Misses the Net.
12:59 of 1st period - Brad Marchand is hit by Dustin Byfuglien and loses puck.
13:19 of 1st period - Shot by Ryan Spooner.
13:19 of 1st period - Shot Blocked by Dustin Byfuglien.
13:42 of 1st period - Minor Penalty to Kevin Czuczman for Tripping.
13:43 of 1st period - Eric Staal wins face-off versus David Krejci in Hurricanes zone.
13:54 of 1st period - Shot by John Carlson.
13:54 of 1st period - Stopped by Mike Smith without a rebound.
13:55 of 1st period - Eric Staal wins face-off versus Ryan Spooner in Hurricanes zone.
14:42 of 1st period - Shot by John Carlson.
14:42 of 1st period - Stopped by Mike Smith without a rebound.
14:43 of 1st period - Brian Boyle wins face-off versus David Krejci in Hurricanes zone.
14:52 of 1st period - Shot by Torey Krug.
14:52 of 1st period - Shot Misses the Net.
14:54 of 1st period - Shot by Jakub Voracek.
14:54 of 1st period - Stopped by Mike Smith without a rebound.
14:55 of 1st period - David Krejci wins face-off versus Brian Boyle in Hurricanes zone.
15:25 of 1st period - Shot by Zach Parise.
15:25 of 1st period - Shot Blocked by Marc Staal.
15:27 of 1st period - Shot by Torey Krug.
15:27 of 1st period - Shot Misses the Net.
15:50 of 1st period - Off-side.
15:51 of 1st period - Patrice Bergeron wins face-off versus Brad Richardson in neutral zone.
15:51 of 1st period - Johnny Boychuk is hit by Patrick Maroon and loses puck.
17:04 of 1st period - Shot by Patrick Sharp.
17:04 of 1st period - Goal by Patrick Sharp - Hurricanes : 1 - Bruins : 0.
17:05 of 1st period - Brian Boyle wins face-off versus David Krejci in neutral zone.
17:12 of 1st period - Shot by Patrick Sharp.
17:12 of 1st period - Stopped by Tuukka Rask without a rebound.
17:13 of 1st period - Derek Roy wins face-off versus Zach Parise in Bruins zone.
17:24 of 1st period - Shot by Zach Parise.
17:24 of 1st period - Stopped by Mike Smith without a rebound.
17:25 of 1st period - Carl Soderberg wins face-off versus Eric Staal in Hurricanes zone.
17:36 of 1st period - Shot by Ryan Strome.
17:36 of 1st period - Stopped by Mike Smith with a rebound.
17:41 of 1st period - Off-side.
17:42 of 1st period - David Krejci wins face-off versus Derek Roy in neutral zone.
17:54 of 1st period - Shot by Zach Parise.
17:54 of 1st period - Shot Misses the Net.
18:18 of 1st period - Shot by Derek Roy.
18:18 of 1st period - Shot Misses the Net.
18:38 of 1st period - Shot by Reilly Smith.
18:38 of 1st period - Shot Misses the Net.
18:52 of 1st period - Shot by John Carlson.
18:52 of 1st period - Shot Misses the Net.
19:09 of 1st period - Off-side.
19:10 of 1st period - Carl Soderberg wins face-off versus Brad Richardson in neutral zone.
19:14 of 1st period - Minor Penalty to Ben Lovejoy for Hooking.
19:15 of 1st period - Jakub Voracek wins face-off versus Eric Staal in Hurricanes zone.
19:24 of 1st period - Shot by Johnny Boychuk.
19:24 of 1st period - Stopped by Mike Smith without a rebound.
19:25 of 1st period - Ryan Spooner wins face-off versus Eric Staal in Hurricanes zone.
19:39 of 1st period - Icing by John Carlson.
19:40 of 1st period - Brian Boyle wins face-off versus Ryan Spooner in Bruins zone.
19:45 of 1st period - Shot by Brian Boyle.
19:45 of 1st period - Shot Blocked by Torey Krug.
Goals for this period are 1 for Hurricanes vs 0 for Bruins.
Shots for this period are 9 for Hurricanes vs 14 for Bruins.

2nd period


0:01 of 2nd period - David Krejci wins face-off versus Brian Boyle in neutral zone.
1:11 of 2nd period - Shot by Ryan Spooner.
1:11 of 2nd period - Shot Blocked by Dustin Byfuglien.
1:13 of 2nd period - Shot by Carl Soderberg.
1:13 of 2nd period - Goal by Carl Soderberg - Hurricanes : 1 - Bruins : 1.
1:14 of 2nd period - Patrice Bergeron wins face-off versus Eric Staal in neutral zone.
1:39 of 2nd period - Shot by Patrice Bergeron.
1:39 of 2nd period - Deflect By Andrew Ladd.
1:39 of 2nd period - Shot Blocked by Marc Staal.
1:41 of 2nd period - Shot by Andrew Ladd.
1:41 of 2nd period - Stopped by Mike Smith with a rebound.
1:48 of 2nd period - Icing by Eric Staal.
1:49 of 2nd period - Eric Staal wins face-off versus Carl Soderberg in Hurricanes zone.
2:03 of 2nd period - Marc Staal is hit by Brad Marchand and loses puck.
2:15 of 2nd period - Icing by Johnny Boychuk.
2:16 of 2nd period - Carl Soderberg wins face-off versus Derek Roy in Bruins zone.
2:38 of 2nd period - Icing by Johnny Boychuk.
2:39 of 2nd period - Brad Richardson wins face-off versus Carl Soderberg in Bruins zone.
2:55 of 2nd period - Johnny Boychuk is hit by Patrick Maroon and loses puck.
3:19 of 2nd period - Off-side.
3:20 of 2nd period - Patrice Bergeron wins face-off versus Eric Staal in neutral zone.
3:23 of 2nd period - Dustin Byfuglien is hit by Andrew Ladd and loses puck.
3:30 of 2nd period - Shot by Andrew Ladd.
3:30 of 2nd period - Stopped by Mike Smith without a rebound.
3:31 of 2nd period - Zach Parise wins face-off versus Derek Roy in Hurricanes zone.
3:32 of 2nd period - Shot by David Krejci.
3:32 of 2nd period - Stopped by Mike Smith without a rebound.
3:33 of 2nd period - Eric Staal wins face-off versus David Krejci in Hurricanes zone.
3:58 of 2nd period - Shot by David Krejci.
3:58 of 2nd period - Stopped by Mike Smith without a rebound.
3:59 of 2nd period - Derek Roy wins face-off versus Ryan Spooner in Hurricanes zone.
4:29 of 2nd period - Off-side.
4:30 of 2nd period - David Krejci wins face-off versus Eric Staal in neutral zone.
5:31 of 2nd period - Shot by Valeri Nichushkin.
5:31 of 2nd period - Shot Misses the Net.
7:28 of 2nd period - Minor Penalty to Dustin Byfuglien for Hooking.
7:29 of 2nd period - Ryan Spooner wins face-off versus Eric Staal in Hurricanes zone.
8:28 of 2nd period - Shot by Reilly Smith.
8:28 of 2nd period - Deflect By Ryan Strome.
8:28 of 2nd period - Stopped by Mike Smith without a rebound.
8:29 of 2nd period - Zach Parise wins face-off versus Eric Staal in Hurricanes zone.
8:39 of 2nd period - Shot by John Carlson.
8:39 of 2nd period - Stopped by Mike Smith with a rebound.
8:41 of 2nd period - Shot by John Carlson.
8:41 of 2nd period - Goal by John Carlson - Hurricanes : 1 - Bruins : 2.
8:42 of 2nd period - Eric Staal wins face-off versus Ryan Spooner in neutral zone.
9:22 of 2nd period - Shot by Ryan Spooner.
9:22 of 2nd period - Stopped by Mike Smith with a rebound.
9:37 of 2nd period - Icing by John Carlson.
9:38 of 2nd period - Patrice Bergeron wins face-off versus Derek Roy in Bruins zone.
9:51 of 2nd period - Shot by Andrew Ladd.
9:51 of 2nd period - Shot Blocked by Ben Lovejoy.
9:53 of 2nd period - Shot by Patrice Bergeron.
9:53 of 2nd period - Shot Misses the Net.
9:59 of 2nd period - Shot by Reilly Smith.
9:59 of 2nd period - Shot Blocked by Marc Staal.
10:07 of 2nd period - Shot by Reilly Smith.
10:07 of 2nd period - Goal by Reilly Smith - Hurricanes : 1 - Bruins : 3.
10:08 of 2nd period - Brad Richardson wins face-off versus David Krejci in neutral zone.
10:33 of 2nd period - Shot by Jakub Voracek.
10:33 of 2nd period - Shot Misses the Net.
10:35 of 2nd period - Shot by Torey Krug.
10:35 of 2nd period - Shot Misses the Net.
10:37 of 2nd period - Shot by David Krejci.
10:37 of 2nd period - Deflect By Zach Parise.
10:37 of 2nd period - Shot Misses the Net.
10:41 of 2nd period - Shot by Zach Parise.
10:41 of 2nd period - Stopped by Mike Smith without a rebound.
10:42 of 2nd period - Carl Soderberg wins face-off versus Eric Staal in Hurricanes zone.
11:44 of 2nd period - Shot by Derek Roy.
11:44 of 2nd period - Shot Blocked by Brad Marchand.
11:54 of 2nd period - Shot by Ryan Garbutt.
11:54 of 2nd period - Stopped by Tuukka Rask without a rebound.
11:55 of 2nd period - Brad Richardson wins face-off versus David Krejci in Bruins zone.
12:08 of 2nd period - Shot by Zach Parise.
12:08 of 2nd period - Shot Misses the Net.
12:25 of 2nd period - Minor Penalty to Zach Parise for Tripping.
12:25 of 2nd period - Minor Penalty to Cal Clutterbuck for Hooking.
12:26 of 2nd period - Patrick Sharp wins face-off versus Patrice Bergeron in neutral zone.
12:50 of 2nd period - Marc Staal is hit by Brad Marchand and loses puck.
14:53 of 2nd period - Shot by Valeri Nichushkin.
14:53 of 2nd period - Shot Misses the Net.
15:03 of 2nd period - Shot by Jakub Voracek.
15:03 of 2nd period - Shot Misses the Net.
15:29 of 2nd period - Shot by Kevin Czuczman.
15:29 of 2nd period - Stopped by Tuukka Rask with a rebound.
15:45 of 2nd period - Icing by Marc Staal.
15:46 of 2nd period - Patrice Bergeron wins face-off versus Brian Boyle in Hurricanes zone.
16:12 of 2nd period - Icing by Brian Boyle.
16:13 of 2nd period - Brian Boyle wins face-off versus Carl Soderberg in Hurricanes zone.
16:44 of 2nd period - Shot by Carl Soderberg.
16:44 of 2nd period - Stopped by Mike Smith without a rebound.
16:45 of 2nd period - Derek Roy wins face-off versus Patrice Bergeron in Hurricanes zone.
16:54 of 2nd period - Minor Penalty to Dustin Byfuglien for Hooking.
16:55 of 2nd period - Eric Staal wins face-off versus Ryan Spooner in Hurricanes zone.
17:15 of 2nd period - Icing by Andrew Ladd.
17:16 of 2nd period - Cal Clutterbuck wins face-off versus Ryan Spooner in Bruins zone.
18:09 of 2nd period - Shot by Jakub Voracek.
18:09 of 2nd period - Stopped by Mike Smith without a rebound.
18:10 of 2nd period - Eric Staal wins face-off versus David Krejci in Hurricanes zone.
18:10 of 2nd period - Eric Staal is hit by David Krejci.
18:24 of 2nd period - Shot by Jakub Voracek.
18:24 of 2nd period - Goal by Jakub Voracek - Hurricanes : 1 - Bruins : 4.
18:25 of 2nd period - Patrice Bergeron wins face-off versus Eric Staal in neutral zone.
19:24 of 2nd period - Matt Bartkowski is hit by Blake Wheeler and loses puck.
19:39 of 2nd period - Shot by Jakub Voracek.
19:39 of 2nd period - Deflect By David Krejci.
19:39 of 2nd period - Stopped by Mike Smith without a rebound.
19:40 of 2nd period - Ryan Garbutt wins face-off versus Carl Soderberg in Hurricanes zone.
Goals for this period are 0 for Hurricanes vs 4 for Bruins.
Shots for this period are 2 for Hurricanes vs 15 for Bruins.

3rd period


0:01 of 3rd period - Eric Staal wins face-off versus David Krejci in neutral zone.
0:28 of 3rd period - Shot by Patrick Sharp.
0:28 of 3rd period - Stopped by Tuukka Rask without a rebound.
0:29 of 3rd period - Andrew Ladd wins face-off versus Derek Roy in Bruins zone.
0:46 of 3rd period - Icing by Andrew Ladd.
0:47 of 3rd period - Reilly Smith wins face-off versus Eric Staal in Bruins zone.
0:52 of 3rd period - Eric Staal is hit by Andrew Ladd and loses puck.
1:11 of 3rd period - Shot by Kevin Czuczman.
1:11 of 3rd period - Shot Misses the Net.
1:13 of 3rd period - Shot by Blake Wheeler.
1:13 of 3rd period - Deflect By Patrick Sharp.
1:13 of 3rd period - Shot Misses the Net.
1:15 of 3rd period - Shot by Blake Wheeler.
1:15 of 3rd period - Shot Misses the Net.
1:17 of 3rd period - Shot by Patrick Sharp.
1:17 of 3rd period - Stopped by Tuukka Rask without a rebound.
1:18 of 3rd period - Derek Roy wins face-off versus David Krejci in Bruins zone.
1:31 of 3rd period - Shot by David Krejci.
1:31 of 3rd period - Stopped by Mike Smith with a rebound.
2:07 of 3rd period - Icing by Torey Krug.
2:08 of 3rd period - David Krejci wins face-off versus Eric Staal in Bruins zone.
2:12 of 3rd period - David Krejci is hit by Blake Wheeler and loses puck.
2:32 of 3rd period - Icing by Johnny Boychuk.
2:33 of 3rd period - Patrice Bergeron wins face-off versus Brad Richardson in Bruins zone.
2:33 of 3rd period - Patrice Bergeron is hit by Cal Clutterbuck.
2:50 of 3rd period - Shot by Andrew Ladd.
2:50 of 3rd period - Shot Misses the Net.
2:52 of 3rd period - Shot by John Carlson.
2:52 of 3rd period - Shot Blocked by Raphael Diaz.
2:54 of 3rd period - Shot by Reilly Smith.
2:54 of 3rd period - Stopped by Mike Smith without a rebound.
2:55 of 3rd period - Carl Soderberg wins face-off versus Eric Staal in Hurricanes zone.
3:32 of 3rd period - Shot by Brad Marchand.
3:32 of 3rd period - Shot Blocked by Dustin Byfuglien.
3:34 of 3rd period - Shot by Ryan Strome.
3:34 of 3rd period - Shot Hit the Post.
3:36 of 3rd period - Shot by Brad Marchand.
3:36 of 3rd period - Goal by Brad Marchand - Hurricanes : 1 - Bruins : 5.
3:37 of 3rd period - David Krejci wins face-off versus Derek Roy in neutral zone.
3:39 of 3rd period - Torey Krug is hit by Marc Staal and loses puck.
3:56 of 3rd period - Shot by David Krejci.
3:56 of 3rd period - Shot Hit the Post.
4:09 of 3rd period - Icing by Jakub Voracek.
4:10 of 3rd period - David Krejci wins face-off versus Brad Richardson in Bruins zone.
5:51 of 3rd period - Eric Staal is hit by Matt Bartkowski and loses puck.
6:32 of 3rd period - Shot by Valeri Nichushkin.
6:32 of 3rd period - Stopped by Tuukka Rask without a rebound.
6:33 of 3rd period - David Krejci wins face-off versus Derek Roy in Bruins zone.
6:42 of 3rd period - Shot by David Krejci.
6:42 of 3rd period - Shot Misses the Net.
6:44 of 3rd period - Shot by Niklas Kronwall.
6:44 of 3rd period - Shot Misses the Net.
6:46 of 3rd period - Shot by David Krejci.
6:46 of 3rd period - Shot Blocked by Valeri Nichushkin.
6:48 of 3rd period - Shot by Torey Krug.
6:48 of 3rd period - Shot Misses the Net.
6:50 of 3rd period - Shot by Niklas Kronwall.
6:50 of 3rd period - Stopped by Mike Smith without a rebound.
6:51 of 3rd period - Patrice Bergeron wins face-off versus Brad Richardson in Hurricanes zone.
6:54 of 3rd period - Shot by Andrew Ladd.
6:54 of 3rd period - Shot Misses the Net.
6:56 of 3rd period - Shot by Patrice Bergeron.
6:56 of 3rd period - Shot Misses the Net.
6:58 of 3rd period - Shot by Andrew Ladd.
6:58 of 3rd period - Shot Misses the Net.
7:00 of 3rd period - Shot by Johnny Boychuk.
7:00 of 3rd period - Shot Misses the Net.
7:02 of 3rd period - Shot by Patrice Bergeron.
7:02 of 3rd period - Stopped by Mike Smith without a rebound.
7:03 of 3rd period - Brian Boyle wins face-off versus David Krejci in Hurricanes zone.
7:28 of 3rd period - Shot by Zach Parise.
7:28 of 3rd period - Shot Misses the Net.
7:57 of 3rd period - Icing by Marc Staal.
7:58 of 3rd period - Patrick Sharp wins face-off versus Patrice Bergeron in Hurricanes zone.
7:58 of 3rd period - Patrick Sharp is hit by Andrew Ladd.
8:10 of 3rd period - Minor Penalty to Andrew Ladd for Roughing.
8:11 of 3rd period - Carl Hagelin wins face-off versus Eric Staal in Bruins zone.
8:26 of 3rd period - Shot by Blake Wheeler.
8:26 of 3rd period - Shot Blocked by Patrice Bergeron.
8:28 of 3rd period - Shot by Blake Wheeler.
8:28 of 3rd period - Stopped by Tuukka Rask without a rebound.
8:29 of 3rd period - Patrice Bergeron wins face-off versus Brad Richardson in Bruins zone.
8:37 of 3rd period - Valeri Nichushkin is hit by John Carlson and loses puck.
9:33 of 3rd period - Shot by Patrick Sharp.
9:33 of 3rd period - Shot Misses the Net.
10:36 of 3rd period - Shot by Niklas Kronwall.
10:36 of 3rd period - Stopped by Mike Smith without a rebound.
10:37 of 3rd period - Carl Soderberg wins face-off versus Brad Richardson in Hurricanes zone.
11:21 of 3rd period - Shot by Patrick Sharp.
11:21 of 3rd period - Shot Blocked by John Carlson.
11:37 of 3rd period - Shot by Patrick Sharp.
11:37 of 3rd period - Deflect By Blake Wheeler.
11:37 of 3rd period - Stopped by Tuukka Rask without a rebound.
11:38 of 3rd period - Derek Roy wins face-off versus Zach Parise in Bruins zone.
11:46 of 3rd period - Icing by Niklas Kronwall.
11:47 of 3rd period - David Krejci wins face-off versus Derek Roy in Bruins zone.
11:47 of 3rd period - David Krejci is hit by Ryan Garbutt.
13:01 of 3rd period - Shot by Eric Staal.
13:01 of 3rd period - Shot Misses the Net.
13:27 of 3rd period - Icing by Kevin Czuczman.
13:28 of 3rd period - Eric Staal wins face-off versus Patrice Bergeron in Hurricanes zone.
13:33 of 3rd period - Patrice Bergeron is hit by Blake Wheeler and loses puck.
13:45 of 3rd period - Minor Penalty to Patrick Maroon for Roughing.
13:46 of 3rd period - Brian Boyle wins face-off versus Ryan Spooner in Hurricanes zone.
13:46 of 3rd period - Brian Boyle is hit by Andrew Ladd.
14:24 of 3rd period - Shot by Johnny Boychuk.
14:24 of 3rd period - Shot Misses the Net.
14:26 of 3rd period - Shot by Johnny Boychuk.
14:26 of 3rd period - Shot Misses the Net.
14:53 of 3rd period - Off-side.
14:54 of 3rd period - Ryan Spooner wins face-off versus Brian Boyle in neutral zone.
15:01 of 3rd period - John Carlson is hit by Ben Lovejoy and loses puck.
15:20 of 3rd period - Shot by Andrew Ladd.
15:20 of 3rd period - Shot Misses the Net.
15:50 of 3rd period - Brock Nelson is hit by Patrick Maroon and loses puck.
16:15 of 3rd period - Shot by Cal Clutterbuck.
16:15 of 3rd period - Shot Misses the Net.
16:17 of 3rd period - Shot by Dustin Byfuglien.
16:17 of 3rd period - Stopped by Tuukka Rask without a rebound.
16:18 of 3rd period - Carl Soderberg wins face-off versus Eric Staal in Bruins zone.
16:23 of 3rd period - Shot by Brad Marchand.
16:23 of 3rd period - Shot Blocked by Dustin Byfuglien.
18:07 of 3rd period - Shot by Zach Parise.
18:07 of 3rd period - Stopped by Mike Smith without a rebound.
18:08 of 3rd period - Ryan Spooner wins face-off versus Valeri Nichushkin in Hurricanes zone.
18:45 of 3rd period - Shot by Johnny Boychuk.
18:45 of 3rd period - Shot Misses the Net.
19:06 of 3rd period - Icing by Niklas Kronwall.
19:07 of 3rd period - David Krejci wins face-off versus Brad Richardson in Bruins zone.
19:15 of 3rd period - Minor Penalty to David Krejci for Hooking.
19:16 of 3rd period - Patrice Bergeron wins face-off versus Brad Richardson in Bruins zone.
19:46 of 3rd period - Shot by Kevin Czuczman.
19:46 of 3rd period - Shot Blocked by Johnny Boychuk.
19:48 of 3rd period - Shot by Brad Richardson.
19:48 of 3rd period - Shot Misses the Net.
19:50 of 3rd period - Shot by Kevin Czuczman.
19:50 of 3rd period - Deflect By Brian Boyle.
19:50 of 3rd period - Stopped by Tuukka Rask without a rebound.
19:51 of 3rd period - Eric Staal wins face-off versus Patrice Bergeron in Bruins zone.
Goals for this period are 0 for Hurricanes vs 1 for Bruins.
Shots for this period are 7 for Hurricanes vs 7 for Bruins.


Output by the SimonT Hockey Simulator (STHS) for Stephane Roy -- Original Page W3C XHTML 1.0 Valid
Hockey Simulator - Hockey Simulation - Hockey Manager